Luciferah, chaotic male vampiric Wizard ------------ |..........| #...........| ------ ------- ###|..........| .....######....>.| # |...%......-########|....|# |.....| -------- ### |..........| ####-...*-## ...%..-# |......| # ----------+- # #|....|# |.....|# |......-### |....| |.....|## |......| # ------ -------### |......-################### 0### -------- # # ### --------- # @ # |......{| # r ##......<.| ### # |.......| # # |.......| ----.-# --------- |.%...# |....| ------ Luciferah the Conjurer Experience level: 4 Strength: 12 Dexterity: 10 Constitution: 11 Intelligence: 18 Wisdom: 10 Charisma: 13 Health: 0(32) Energy: 64(64) AC: 8 Gold: 390 Moves: 1039 Your Inventory: Coins $ - 390 gold pieces Weapons a - a blessed +1 quarterstaff (weapon in hands) t - 6 [cursed -1] darts v - 9 [cursed -1] darts x - an [uncursed +0] dagger Armor b - an uncursed +0 cloak of magic resistance (being worn) w - an [uncursed] +0 pair of elven boots (being worn) Scrolls i - an uncursed scroll of teleportation k - an uncursed scroll of destroy armor Spellbooks l - a blessed spellbook of force bolt m - an uncursed spellbook of remove curse q - an [uncursed] spellbook of cone of cold Potions f - an uncursed potion of water g - an uncursed potion of oil h - an uncursed potion of fruit juice Rings d - a blessed +1 ring of increase damage (on right hand) e - an uncursed ring of poison resistance (on left hand) Wands c - an uncursed wand of make invisible (0:5) u - an [uncursed] iridium wand [of cold (0:7)] Tools n - an uncursed blindfold s - an [uncursed] looking glass [mirror] Gems r - 2 [uncursed] green gems [worthless glass] Spells known in the end: Name Level Category Fail Memory a - force bolt 1 attack 0% [||||||||] b - remove curse 3 clerical 85% [||||||||] c - cone of cold 4 attack 70% [||||||||] Your skills at the end: Fighting Skills Weapon Skills quarterstaff [Basic / Expert] Spellcasting Skills attack spells [Basic / Expert] enchantment spells [Basic / Skilled] Final Attributes: You were devoutly aligned. Hunger level was -119. Your alignment was 15 / 15. Monster difficulty range was 0 - 3. Level difficulty was 3. You were immune to poison. You were immune to level-drain. You were magic-protected. You were stealthy. You could fly. You could survive without air. You had a +1 damage bonus. You regenerated. Your luck was zero. You are dead. Vanquished creatures: a kitten an acid blob a hobbit 4 giant rats a yellow mold a green mold 5 jackals a fox 2 sewer rats 4 lichens a kobold zombie 5 newts 27 creatures vanquished. Voluntary challenges: You were an atheist. You used a wielded weapon 8 times. You read items or engraved 4 times. You put on armor 2 times. You never genocided any monsters. You never polymorphed an object. You never changed form. You used no wishes. You never wrote Elbereth's name. You never encountered a bones level. You never used any Sokoban shortcuts. Dungeon overview: The Dungeons of Doom: levels 1 to 3 Level 1 some fountains a long staircase Level 2 an armor shop, some fountains Level 3 <- You were here some fountains History has recorded: On T:1 you entered the Dungeons of Doom to retrieve the Amulet of Yendor! On T:518 you reached level 2 of The Dungeons of Doom. On T:589 you advanced to experience level 2. On T:614 you advanced to experience level 3. On T:824 you reached level 3 of The Dungeons of Doom. On T:892 you advanced to experience level 4. Latest messages: You bite the giant rat. You kill the giant rat! The giant rat bites! You faint from lack of food. [HP+1=10] The giant rat bites! [HP-1=9] The giant rat bites! (3x) [HP-1=8] The giant rat bites! [HP-2=6] [HP+1=7] The giant rat bites! [HP-1=6] The giant rat bites! [HP-1=5] The giant rat bites! (2x) [HP-1=4] The giant rat bites! [HP-2=2] [HP+1=3] The giant rat bites! You die... Final status: Goodbye Luciferah the Wizard... You died in The Dungeons of Doom on dungeon level 3 with 833 points, and 390 pieces of gold, after 1039 moves. You were level 4 with a maximum of 32 hit points when you died.